 Dungeon Crawl Stone Soup version 0.28-a0-998-gb9e9c7b67e (webtiles) character file.

Game seed: 17391551333582259625

1887 ragingrage the Cleaver (level 9, -17/68 HPs)
             Began as a Formicid Abyssal Knight on Dec 6, 2021.
             Was an Elder of Lugonu.
             Demolished by an orc knight (33 damage)
             ... in a bailey.
             The game lasted 00:08:31 (9541 turns).

ragingrage the Cleaver (Formicid Abyssal Knight)    Turns: 9541, Time: 00:08:31

Health: -17/68     AC:  7    Str: 27      XL:     9   Next: 37%
Magic:  3/3        EV: 11    Int:  7 (9)  God:    Lugonu [****..]
Gold:   418        SH:  5    Dex: 17      Spells: 8/8 levels left

rFire   . . .      SeeInvis +   b - +7 flail of Girchiergh {antimagic, Dex+4}
rCold   . . .      Faith    .   j - +0 buckler
rNeg    . . .      Spirit   .   h - +0 leather armour
rPois   .          Reflect  .   (helmet unavailable)
rElec   .          Harm     .   o - +0 cloak
rCorr   .          Rampage  .   r - +0 pair of gloves
Will    .....                   B - +0 pair of boots
Stlth   +.........              (no amulet)
HPRegen 0.21/turn               p - +6 ring of strength
MPRegen 0.08/turn               (no ring)

@: no status effects
A: permanent stasis, dig shafts and tunnels, antennae 3, four strong arms
a: Dig, Renounce Religion, Depart the Abyss, Bend Space, Banish, Corrupt


You were in a bailey.
You worshipped Lugonu.
Lugonu was greatly pleased with you.
You visited 1 branch of the dungeon, and saw 7 of its levels.
You visited the Abyss 1 time.
You also visited: Bailey.

You collected 418 gold pieces.

Inventory:

Hand Weapons
 a - a +1 hand axe
 b - the +7 flail of Girchiergh (weapon) {antimagic, Dex+4}
   (You found it on level 4 of the Dungeon)

   It reduces the magical energy of the wielder, and disrupts the spells and
   magical abilities of those it strikes.
   Natural abilities and divine invocations are not affected.
   Dex:       It affects your dexterity (+4).
Missiles
 e - 26 poisoned darts (quivered)
 x - 2 throwing nets
Armour
 h - a +0 leather armour (worn)
 j - a +0 buckler (worn)
 o - a +0 cloak (worn)
 r - a +0 pair of gloves (worn)
 B - a +0 pair of boots (worn)
Jewellery
 k - a ring of ice
 p - a +6 ring of strength (left hand)
Wands
 y - a wand of polymorph (6)
 C - a wand of mindburst (6)
Scrolls
 d - a scroll of enchant armour {unknown}
 f - a scroll of noise {unknown}
 g - 5 scrolls of identify {unknown}
 i - a scroll of amnesia {unknown}
 s - a scroll of blinking {unknown}
 t - a scroll of magic mapping {unknown}
 u - a scroll of enchant weapon {unknown}
 v - 2 scrolls of teleportation {unknown}
Potions
 c - a potion of lignification {unknown}
 n - a potion of ambrosia
 q - 2 potions of might {unknown}
 w - a potion of flight {unknown}
 z - 2 potions of mutation {unknown}
 A - 2 potions of curing {unknown}


   Skills:
 + Level 5.2 Fighting
 * Level 9.9 Axes
 + Level 4.5 Armour
 - Level 0.8 Dodging
 + Level 4.0 Shields
 - Level 2.1 Invocations


You had 8 spell levels left.
You didn't know any spells.
Your spell library was empty.

Dungeon Overview and Level Annotations

Branches:
Dungeon (7/15)             Temple (0/1) D:4          Bailey (1/1)

Altars:
Ashenzari
Cheibriados
Dithmenos
Kikubaaqudgha
Makhleb
Okawaru
Qazlal
Xom


Innate Abilities, Weirdness & Mutations

You cannot be hasted, slowed, berserked, paralysed or teleported.
You can dig through walls and to a lower floor.
You have a pair of large antennae on your head. (SInv)
Your four strong arms can wield two-handed weapons with a shield.


Message History

Throw: 30 darts (poison)
Press: ? - help, Q - select action, (/) - cycle Shift-Dir - straight line, f/p - orc warrior
Aim: an orc warrior, wielding a +0 glaive and wearing a +0 plate armour (62% to hit)
You throw a poisoned dart. The poisoned dart hits the orc warrior.
The orc warrior no longer looks unusually strong.
The orc warrior hits you from afar with a +0 glaive!
The orc knight roars a battlecry!
The orc warrior goes into a battle-frenzy!
Throw: 29 darts (poison)
Press: ? - help, Q - select action, (/) - cycle Shift-Dir - straight line, f/p - orc warrior
Aim: an orc warrior, wielding a +0 glaive and wearing a +0 plate armour (62% to hit)
You throw a poisoned dart. The poisoned dart hits the orc warrior.
The orc warrior is poisoned.
The orc warrior hits you from afar with a +0 glaive!
Throw: 28 darts (poison)
Press: ? - help, Q - select action, (/) - cycle Shift-Dir - straight line, f/p - orc warrior
Aim: an orc warrior, wielding a +0 glaive and wearing a +0 plate armour (lightly wounded, poisoned, 62% to hit)
You throw a poisoned dart. The poisoned dart hits the orc warrior.
The orc warrior is lightly wounded.
The orc warrior no longer looks unusually strong.
The orc warrior misses you.
Throw: 27 darts (poison)
Press: ? - help, Q - select action, (/) - cycle Shift-Dir - straight line, f/p - orc warrior
Aim: an orc warrior, wielding a +0 glaive and wearing a +0 plate armour (lightly wounded, poisoned, 62% to hit)
You throw a poisoned dart. The poisoned dart hits the orc warrior.
The orc warrior looks even sicker.
The orc warrior is lightly wounded.
The orc knight no longer looks unusually strong.
The orc knight roars a battlecry!
The orcs go into a battle-frenzy!
The orc warrior hits you from afar with a +0 glaive!
* * * LOW HITPOINT WARNING * * *
Unknown command.
There is an open door here.
The orc warrior no longer looks unusually strong.
The orc knight no longer looks unusually strong.
The orc knight roars a battlecry!
The orcs go into a battle-frenzy!
The orc knight hits you from afar with a +0 halberd!!
You die...

#### ##.....)....≈.# #####
##+#############.≈.# .$$$.
§........##.....##.≈.# #
.≈≈≈≈§≈§..##...##..≈.# ##
§≈.....≈≈..'#.##..≈≈.# .#
≈...⌠.oo≈≈o.#o#..≈≈.## .#
≈..⌠∩⌠oo≈≈..#'#..≈≈.∩# ##
≈≈....o≈§..##.##..≈≈.# #
.≈≈≈≈≈≈≈.@## ..##..≈.# {
.........## .. ##.≈.#
###########+###'#########.≈.#
..)))..##.....##..))..))..≈.#
≈≈≈≈≈≈..##.∩.##.)≈≈≈≈≈≈≈≈≈≈.#
.....≈≈..## ##..≈≈..........#
####..≈≈..###..≈≈..##########
##..≈≈.....≈≈..##
##..≈≈≈≈≈≈≈..##


You could see 2 orc knights and 4 orc warriors.

Vanquished Creatures
  An unseen horror (D:6)
  2 water moccasins (D:6)
  A black bear (D:6)
  An ogre (D:5)
  A kobold brigand (D:5)
  A bullfrog (D:6)
  A scorpion (D:3)
  5 wights
  3 hounds
  5 jellies
  9 iguanas
  An iron imp (D:6)
  2 orc wizards
  2 hound skeletons
  Robin (D:4)
  4 adders (D:3)
  4 gnolls
  2 white imps (D:5)
  4 worms
  4 dart slugs
  27 orcs
  11 ball pythons
  12 endoplasms
  4 giant cockroaches
  7 hobgoblins
  7 kobolds
  A quokka (D:3)
  7 bats
  9 frilled lizards
  17 goblins
  14 rats
170 creatures vanquished.

Vanquished Creatures (others)
  A human (D:4)
  12 plants (D:5)
13 creatures vanquished.

Grand Total: 183 creatures vanquished

Notes
Turn   | Place    | Note
-------+----------+-------------------------------------------
     0 | Abyss:1  | ragingrage the Formicid Abyssal Knight began the quest for
                  | the Orb.
     0 | Abyss:1  | Reached XP level 1. HP: 18/18 MP: 2/2
    51 | Abyss:2  | Noticed a large abomination
    52 | D:1      | Escaped the Abyss
   157 | D:1      | Reached * piety under Lugonu
   205 | D:1      | Reached XP level 2. HP: 8/24 MP: 3/3
   541 | D:1      | Reached skill level 3 in Axes
   572 | D:1      | Reached XP level 3. HP: 7/29 MP: 4/4
  1348 | D:2      | Found a faded altar of an unknown god.
  1670 | D:3      | Reached skill level 4 in Axes
  1670 | D:3      | Reached XP level 4. HP: 26/35 MP: 5/5
  1682 | D:3      | Reached ** piety under Lugonu
  1811 | D:3      | Reached XP level 5. HP: 27/41 MP: 6/6
  1983 | D:3      | Found a burning altar of Makhleb.
  2060 | D:3      | Found an iron altar of Okawaru.
  2170 | D:3      | Reached skill level 5 in Axes
  2287 | D:3      | Found a shimmering altar of Xom.
  2412 | D:3      | Reached XP level 6. HP: 17/47 MP: 7/7
  3086 | D:3      | Reached skill level 6 in Axes
  3855 | D:4      | Found an ancient bone altar of Kikubaaqudgha.
  3856 | D:4      | Noticed a human
  3862 | D:4      | Killed a human
  3871 | D:4      | Reached XP level 7. HP: 38/52 MP: 8/8
  4125 | D:4      | Reached skill level 7 in Axes
  4238 | D:4      | Reached *** piety under Lugonu
  4779 | D:4      | Noticed Robin
  5003 | D:4      | Found a staircase to the Ecumenical Temple.
  5052 | D:4      | Identified the +7 flail of Girchiergh {antimagic, Dex+4}
  5150 | D:4      | Killed Robin
  5276 | D:5      | Entered Level 5 of the Dungeon
  5608 | D:5      | Reached skill level 8 in Axes
  5960 | D:5      | Reached XP level 8. HP: 36/58 MP: 3/9
  6078 | D:5      | Found a shadowy altar of Dithmenos.
  6127 | D:5      | Reached skill level 1 in Shields
  6134 | D:5      | Reached **** piety under Lugonu
  6835 | D:6      | Found a stormy altar of Qazlal.
  6862 | D:6      | Reached skill level 9 in Axes
  7172 | D:6      | Found a snail-covered altar of Cheibriados.
  7684 | D:6      | Reached XP level 9. HP: 63/65 MP: 3/10
  8016 | D:6      | Noticed an unseen horror
  8037 | D:6      | Killed an unseen horror
  8038 | D:6      | Reached skill level 5 in Fighting
  8396 | D:6      | Found a broken altar of Ashenzari.
  8778 | D:7      | Found a flagged portal.
  8818 | Bailey   | Entered a bailey
  9384 | Bailey   | Noticed an orc knight
  9385 | Bailey   | Noticed an orc knight
  9541 | Bailey   | Demolished by an orc knight

Illustrated notes

Levels and vault maps discovered:
D:1:      evilmike_arrival_plus, layout_rooms, serial_bayou_pond_d
D:2:      layout_basic, ebering_ecumenical_altar_webs
D:3:      layout_loops_ring, dk_xom_monty_hall, okawaru_trees_2,
          nicolae_overflow_crystal_walls, gup_sewer_entry_spiral,
          grunt_ministairs_1, minmay_fractal_squares_gapless_5
D:4:      layout_basic, tgw_kikubaaqudgha, minmay_temple_entry_junction,
          grunt_ministairs_13, uniq_robin
D:5:      layout_rooms, nicolae_overflow_hidden_temple, lexackson_kobold_supper
D:6:      layout_cave_pods, mainiacjoe_overflow_small_starburst,
          general_overflow_altar, chei_slow_surprise, serial_rivers,
          chequers_serial_rivers_room_b, chequers_serial_rivers_room_a,
          chequers_serial_rivers_small_3, chequers_serial_rivers_marsh
D:7:      layout_basic, nicolae_ru_path_of_blood, mainiacjoe_overflow_chevrons,
          zin_treasury, enter_bailey_4, kennysheep_cross_bottleneck,
          hangedman_abyss_or_decor_lesser_grid
Bailey:   bailey_polearm_1, bailey

Skill      XL: |  1  2  3  4  5  6  7  8  9 |
---------------+----------------------------+-----
Axes           | 3 4 5 6 8 9 |  9.9
Shields        | 3 4 |  4.0
Fighting       | 4 5 |  5.2
Armour         | 3 4 |  4.5
Dodging        | |  0.8
Invocations    | |  2.1

Action                   |  1- 3 |  4- 6 |  7- 9 || total
-------------------------+-------+-------+-------++-------
Melee: Hand axe          |    63 |       |    12 ||    75
       Whip              |    37 |   181 |    80 ||   298
       Flail             |       |       |   163 ||   163
       Unarmed           |       |       |     3 ||     3
Throw: Dart              |       |       |    20 ||    20
Invok: Depart the Abyss  |     1 |       |       ||     1
       Bend Space        |       |       |     3 ||     3
  Use: Potion            |       |       |     4 ||     4
 Stab: Sleeping          |     1 |       |     1 ||     2
Armor: Leather armour    |    34 |    51 |    82 ||   167
Dodge: Dodged            |    60 |    73 |   165 ||   298
Block: Buckler           |       |    17 |    56 ||    73

Table legend: (Time is in decaauts)
 A = Elapsed time spent in this place.
 B = Non-inter-level travel time spent in this place.
 C = Inter-level travel time spent in this place.
 D = Time resting spent in this place.
 E = Time spent auto-exploring this place.
 F = Levels seen in this place.
 G = Mean time per level.
                   A        B        C        D        E       F      G
               +--------+--------+--------+--------+--------+-----+--------+
         Total |   9629 |   9310 |    319 |   1740 |   5764 |  10 |  962.9 |
       Dungeon |   8852 |   8533 |    319 |   1329 |   5632 |   7 | 1264.6 |
         Abyss |     51 |     51 |      0 |      0 |     12 |   2 |   25.5 |
        Bailey |    724 |    724 |      0 |    411 |    120 |   1 |  724.0 |
               +--------+--------+--------+--------+--------+-----+--------+

Top non-repeatable levels by time:
     D:3: 2167 daAuts
     D:6: 2055 daAuts
     D:4: 1662 daAuts
     D:5: 1177 daAuts
     D:1: 979 daAuts
  Bailey: 724 daAuts
     D:2: 657 daAuts
     D:7: 152 daAuts
 Abyss:2: 27 daAuts
 Abyss:1: 24 daAuts
